 Seeded DCSS version 0.28-a0-804-g60983d4ba9 (webtiles) character file.

Game seed: 20211107 (custom seed)

35 a11behringer the Chopper (level 3, 0/33 HPs)
             Began as a Hill Orc Fighter on Nov 7, 2021.
             Slain by Sigmund (12 damage)
             ... on level 2 of the Dungeon.
             The game lasted 00:02:56 (967 turns).

a11behringer the Chopper (Hill Orc Fighter)          Turns: 967, Time: 00:02:56

Health: 0/33       AC:  6    Str: 19    XL:     3   Next: 35%
Magic:  3/3        EV:  9    Int:  8    God:
Gold:   65         SH:  4    Dex: 10    Spells: 2/2 levels left

rFire   . . .      SeeInvis .   a - +0 war axe
rCold   . . .      Faith    .   c - +0 buckler
rNeg    . . .      Spirit   .   b - +0 scale mail
rPois   .          Reflect  .   (no helmet)
rElec   .          Harm     .   (no cloak)
rCorr   .          Rampage  .   (no gloves)
Will    .....                   (no boots)
Stlth   ..........              (no amulet)
HPRegen 0.11/turn               (no ring)
MPRegen 0.08/turn               (no ring)

@: no status effects
A: no striking features
a: no special abilities


You were on level 2 of the Dungeon.
You visited 1 branch of the dungeon, and saw 2 of its levels.

You collected 65 gold pieces.

Inventory:

Hand Weapons
 a - a +0 war axe (weapon)
Armour
 b - a +0 scale mail (worn)
 c - a +0 buckler (worn)
Scrolls
 f - 4 scrolls of identify {unknown}
Potions
 d - a potion of might
 e - a potion of invisibility {unknown}
 g - a potion of haste {unknown}
 h - a potion of degeneration {unknown}
 i - a potion of curing {unknown}


   Skills:
 + Level 3.9 Fighting
 * Level 4.0 Axes
 + Level 3.4 Armour
 + Level 0.2 Dodging
 + Level 3.6 Shields


You had 2 spell levels left.
You didn't know any spells.
Your spell library contained the following spells:

 Spells                   Type           Power      Damage    Failure   Level
 Call Canine Familiar     Summ           0%         N/A       99%         3
 Portal Projectile        Hex/Tloc       0%         N/A       99%         3
 Leda's Liquefaction      Hex/Erth       0%         N/A       100%        4


Dungeon Overview and Level Annotations

Branches:
Dungeon (2/15)

Altars:

Annotations:
D:2 Sigmund


Message History

Sigmund casts a spell at you. The magic dart hits you.
Found 4 gold pieces.
Sigmund gestures at you while chanting. The magic dart hits you.
You slash Sigmund!
Sigmund is moderately wounded.
Sigmund barely misses you.
You barely miss Sigmund.
Sigmund is moderately wounded.
Sigmund hits you with a +0 scythe.
You hit Sigmund.
Sigmund is heavily wounded.
Sigmund points at you and mumbles some strange words.
The magic dart hits you.
You hit Sigmund.
Sigmund is severely wounded.
Sigmund hits you but does no damage.
You closely miss Sigmund.
Sigmund is severely wounded.
Sigmund hits you with a +0 scythe!
You hit Sigmund.
Sigmund is severely wounded.
You barely miss Sigmund.
Sigmund is severely wounded.
Sigmund barely misses you.
You barely miss Sigmund.
Sigmund is severely wounded.
You block Sigmund's attack.
You hit Sigmund but do no damage.
Sigmund is severely wounded.
Sigmund casts a spell at you. You resist with significant effort.
You closely miss Sigmund.
Sigmund is severely wounded.
Sigmund hits you but does no damage.
You hit Sigmund.
Sigmund is almost dead.
Sigmund hits you with a +0 scythe!
You die...

#####........
####.....##.. .$
##........#. .########..
.............#..........
###.........##..........
##........####..........
##......................
#.....[...####...@......
.............#..@.......
.#........##............
.#.......###...###.....#
†)...........#.......###
.....................#
.........####........#
.)....##..............
......##...##.......)..
#####......###........


You could see Sigmund.

Vanquished Creatures
  An adder (D:2)
  4 endoplasms (D:1)
  A hobgoblin (D:1)
  6 jackals (D:1)
  A quokka (D:2)
  2 ball pythons (D:1)
  A bat (D:1)
  A goblin (D:1)
  4 kobolds
  4 rats
25 creatures vanquished.

Notes
Turn   | Place    | Note
-------+----------+-------------------------------------------
     0 | D:1      | a11behringer the Hill Orc Fighter began the quest for the
                  | Orb.
     0 | D:1      | Reached XP level 1. HP: 19/19 MP: 1/1
    29 | D:1      | HP: 1/20 [frozen (1)]
    31 | D:1      | Reached skill level 3 in Axes
   362 | D:1      | Reached XP level 2. HP: 27/27 MP: 2/2
   848 | D:2      | Reached skill level 4 in Axes
   848 | D:2      | Reached XP level 3. HP: 33/33 MP: 3/3
   953 | D:2      | Noticed Sigmund
   967 | D:2      | Slain by Sigmund

Illustrated notes

Levels and vault maps discovered:
D:1:      minmay_arrival_up_and_down, layout_rooms,
          chequers_hall_statues_corner_a
D:2:      layout_rooms, basic_altar, minmay_misc_feat_rows,
          chequers_serial_rivers_micro_c, uniq_sigmund

Skill      XL: |  1  2 |
---------------+-------+-----
Axes           | 3 4 |  4.0
Fighting       | |  3.9
Armour         | |  3.4
Dodging        | |  0.2
Shields        | |  3.6

Action                   || total
-------------------------++-------
Melee: War axe           ||    60
Armor: Scale mail        ||    25
Dodge: Dodged            ||    32
Block: Buckler           ||     9

Table legend: (Time is in decaauts)
 A = Elapsed time spent in this place.
 B = Non-inter-level travel time spent in this place.
 C = Inter-level travel time spent in this place.
 D = Time resting spent in this place.
 E = Time spent auto-exploring this place.
 F = Levels seen in this place.
 G = Mean time per level.
                   A        B        C        D        E       F      G
               +--------+--------+--------+--------+--------+-----+--------+
         Total |    987 |    785 |    202 |      0 |    630 |   2 |  493.5 |
       Dungeon |    987 |    785 |    202 |      0 |    630 |   2 |  493.5 |
               +--------+--------+--------+--------+--------+-----+--------+

Top non-repeatable levels by time:
     D:1: 851 daAuts
     D:2: 135 daAuts
